 Dungeon Crawl Stone Soup version 0.21.1-1-g345015f (webtiles) character file.

7908 troglodite the Carver (level 11, 0/85 (86) HPs)
             Began as a Demonspawn Berserker on June 7, 2018.
             Was a High Priest of Trog.
             Slain by a gargoyle
             ... wielding a +0 flail
              (4 damage)
             ... on level 10 of the Dungeon.
             The game lasted 00:20:45 (9055 turns).

troglodite the Carver (Demonspawn Berserker)        Turns: 9055, Time: 00:20:48

HP:   0/85 (86)     AC: 11    Str: 25    XL:     11   Next: 2%
MP:   0/11          EV: 15    Int:  9    God:    Trog [*****.]
Gold: 407           SH:  5    Dex: 15    Spells: 10/10 levels left

rFire    . . .     SeeInvis .   u - +11 long sword of Drought {venom, Str+3}
rCold    + . .     Gourm    .   r - +0 buckler
rNeg     + . .     Faith    .   m - +2 ring mail {rPois}
rPois    +         Spirit   +   (helmet unavailable)
rElec    .         Reflect  .   (no cloak)
rCorr    .         Harm     .   t - +0 pair of gloves
MR       .....                  (no boots)
Stlth    ++........             (no amulet)
HPRegen  0.24/turn              a - +4 ring of strength
MPRegen  0.24/turn              D - ring of positive energy

@: lethally poisoned (0 -> -2)
A: horns 3, iridescent scales 1, cold resistance 1, magic shield, magic
regeneration
a: Berserk, Trog's Hand, Brothers in Arms, Burn Spellbooks, Renounce Religion


You were on level 10 of the Dungeon.
You worshipped Trog.
Trog was extremely pleased with you.
You were not hungry.

You visited 1 branch of the dungeon, and saw 10 of its levels.

You collected 602 gold pieces.
You spent 195 gold pieces at shops.

Inventory:

Hand Weapons
 k - a +1 scimitar of electrocution
 u - the +11 long sword of Drought (weapon) {venom, Str+3}
   (You bought it in a shop on level 4 of the Dungeon)

   It poisons the flesh of those it strikes.
   It affects your strength (+3).
Armour
 m - a +2 ring mail of poison resistance (worn)
 r - a +0 buckler (worn)
 t - a +0 pair of gloves (worn)
Jewellery
 a - a +4 ring of strength (left hand)
 D - a ring of positive energy (right hand)
 E - an uncursed ring of protection from cold
Wands
 y - a wand of disintegration (11)
Scrolls
 d - a scroll of immolation {unknown}
 e - 7 scrolls of remove curse
 f - 2 scrolls of enchant armour {unknown}
 i - 2 scrolls of amnesia {unknown}
 n - 6 scrolls of teleportation {unknown}
 o - 2 scrolls of fear {unknown}
 p - a scroll of random uselessness {unknown}
 x - a scroll of enchant weapon {unknown}
 C - a scroll of identify
 F - a scroll of fog {unknown}
 G - a scroll of vulnerability {unknown}
 H - a scroll of acquirement {unknown}
Potions
 b - 2 potions of berserk rage
 g - a potion of mutation
 h - 7 potions of heal wounds
 j - 4 potions of curing
 l - 2 potions of lignification
 q - 3 potions of brilliance
 s - 2 potions of flight
 v - 2 potions of haste
 w - a potion of agility
 A - 2 potions of magic
 B - a potion of resistance
 I - a potion of ambrosia
Books
 z - a book of Changes

   Spells                             Type                      Level
   a - Beastly Appendage              Transmutation                1
   b - Sticks to Snakes               Transmutation                2
   c - Spider Form                    Transmutation/Poison         3
   d - Ice Form                       Ice/Transmutation            4
   e - Blade Hands                    Transmutation                5
   Trog disapproves of the use of such an item.
 J - a book of Changes

   Spells                             Type                      Level
   a - Beastly Appendage              Transmutation                1
   b - Sticks to Snakes               Transmutation                2
   c - Spider Form                    Transmutation/Poison         3
   d - Ice Form                       Ice/Transmutation            4
   e - Blade Hands                    Transmutation                5
   Trog disapproves of the use of such an item.
Comestibles
 c - 17 rations
 K - 2 chunks of flesh


   Skills:
 * Level 8.1 Fighting
 + Level 9.1 Long Blades
 * Level 7.0 Armour
 * Level 6.6 Dodging
 + Level 3.2 Stealth
 * Level 5.1 Shields


You had 10 spell levels left.
You didn't know any spells.

Dungeon Overview and Level Annotations

Branches:
Dungeon (10/15)            Temple (0/1) D:5            Lair (0/6) D:9
    Orc: D:9-12

Altars:
Ashenzari
Dithmenos
Gozag
Hepliaklqana
Nemelex Xobeh
Okawaru
Ru
Sif Muna
Trog
Vehumet
Xom
The Shining One

Shops:
D:4 (   D:10 *


Innate Abilities, Weirdness & Mutations

You have a pair of large horns on your head.
You are partially covered in iridescent scales. (AC +2)
Your flesh is cold resistant. (rC+)
When hurt, damage is shared between your health and your magic reserves.
You regenerate magic rapidly.


Message History

You riposte.
You slice the jelly!!
The jelly is almost dead.
The gargoyle barely misses you. Something hits you but does no damage.
You closely miss something.
You hear some strange, mumbled words.
A puff of frost appears from out of thin air!
The puff of frost hits you! You resist.
* * * LOW HITPOINT WARNING * * *
You block the jelly's attack.
The orc warrior hits you from afar with a halberd!
* * * LOW HITPOINT WARNING * * *
The gargoyle hits you with a flail!
* * * LOW HITPOINT WARNING * * *
You slice something!! Trog accepts your kill.
Trog appreciates your killing of a magic user.
Reactivating autopickup.
You feel a bit more experienced.
You feel sick. The jelly misses you. The orc warrior barely misses you.
The gargoyle hits you with a flail.
You die...

#)# #)# #.# #.# #.#
########### #'####
####..........
.^...######.+#.....[....
..∩..#.......#..OJ.....#
.....'.#####...)@)o..)..
.....### ###.)#9o.....
.....# #.)#%......
.....# #..........
.....# ###########
.....# .....# #.####


You could see an orc warrior, a gargoyle, a jelly, an orc priest and a friendly
ogre (berserk).

Vanquished Creatures
  A two-headed ogre (D:8)
  Psyche (D:9)
  The ghost of olivier the Shield-Bearer, an amateur GnFi (D:5)
  Grinder (D:4)
  A vampire (D:9)
  A yak (D:9)
  A wyvern (D:8)
  A human (D:8)
  4 hogs (D:8)
  A hungry ghost (D:7)
  A porcupine (D:9)
  2 orc warriors
  4 ice beasts
  A hornet zombie (D:9)
  3 sky beasts
  2 black bears (D:9)
  The ghost of empire the Skirmisher, an amateur MiFi (D:3)
  A necrophage (D:5)
  2 ogres (D:8)
  4 centaurs
  2 big kobolds
  7 bullfrogs
  A wyvern zombie (D:9)
  4 scorpions
  5 crimson imps
  A quasit (D:7)
  4 bullfrog zombies
  3 hounds
  8 orc priests
  2 bullfrog skeletons (D:8)
  3 jellies
  8 orc wizards
  A centaur skeleton (D:8)
  An iguana (D:4)
  5 worker ants
  Natasha (twice) (D:2)
  Terence (D:2)
  A hound skeleton (D:7)
  A worker ant zombie (D:5)
  7 gnolls
  15 adders
  A shadow imp (D:5)
  2 oozes
  An adder zombie (D:5)
  3 worms
  4 dart slugs
  4 leopard geckos
  33 orcs
  2 ball pythons (D:1)
  3 giant cockroaches
  6 goblins
  7 hobgoblins
  13 jackals
  5 quokkas
  7 bats
  5 frilled lizards
  12 kobolds
  A leopard gecko zombie (D:6)
  6 rats
  4 fungi
235 creatures vanquished.

Vanquished Creatures (collateral kills)
  2 two-headed ogres (D:9)
  3 porcupines (D:9)
  A black bear (D:9)
6 creatures vanquished.

Vanquished Creatures (others)
  An orc (D:10)
  6 fungi (D:9)
7 creatures vanquished.

Grand Total: 248 creatures vanquished

Notes
Turn   | Place    | Note
-------+----------+-------------------------------------------
     0 | D:1      | troglodite the Demonspawn Berserker began the quest for the Orb.
     0 | D:1      | Reached XP level 1. HP: 18/18 MP: 1/1
   237 | D:1      | Gained mutation: You have a pair of small horns on your head. [demonic ancestry]
   237 | D:1      | Reached XP level 2. HP: 16/24 MP: 2/2
   578 | D:1      | Gained mutation: You have a pair of horns on your head. [demonic ancestry]
   578 | D:1      | Reached XP level 3. HP: 29/29 MP: 3/3
   672 | D:2      | Noticed Natasha
   676 | D:2      | Killed Natasha
   676 | D:2      | Reached skill level 3 in Long Blades
   857 | D:2      | Gained mutation: When hurt, damage is shared between your health and your magic reserves. [demonic ancestry]
   857 | D:2      | Reached XP level 4. HP: 29/37 MP: 4/4
  1124 | D:2      | Reached ** piety under Trog
  1348 | D:2      | Noticed Natasha
  1352 | D:2      | Killed Natasha
  1352 | D:2      | Reached skill level 1 in Stealth
  1391 | D:2      | Found a radiant altar of Vehumet.
  1397 | D:2      | Found an opulent altar of Gozag.
  1556 | D:2      | Noticed Terence
  1566 | D:2      | Killed Terence
  1566 | D:2      | Gained mutation: You have a pair of large horns on your head. [demonic ancestry]
  1566 | D:2      | Reached XP level 5. HP: 42/42 MP: 5/5
  2158 | D:3      | Gained mutation: Your flesh is cold resistant. (rC+) [demonic ancestry]
  2158 | D:3      | Reached XP level 6. HP: 43/48 MP: 4/6
  2359 | D:3      | Reached skill level 4 in Long Blades
  2480 | D:3      | Noticed empire's ghost (amateur MiFi)
  2486 | D:3      | Killed empire's ghost
  2928 | D:4      | Found Ducvymink's Antique Weapon Shoppe.
  2933 | D:4      | Gained mutation: You regenerate magic rapidly. [demonic ancestry]
  2933 | D:4      | Reached XP level 7. HP: 55/55 MP: 7/7
  3046 | D:4      | Reached *** piety under Trog
  3078 | D:4      | Noticed Grinder
  3101 | D:4      | Paralysed by Grinder for 7 turns
  3112 | D:4      | Killed Grinder
  3112 | D:4      | Reached skill level 1 in Shields
  3306 | D:4      | Found a shattered altar of Ashenzari.
  3312 | D:4      | Found a sacrificial altar of Ru.
  3325 | D:4      | Reached skill level 5 in Fighting
  3479 | D:4      | Found a sparkling altar of Nemelex Xobeh.
  3561 | D:4      | Reached skill level 5 in Long Blades
  4019 | D:5      | Entered Level 5 of the Dungeon
  4024 | D:5      | Reached XP level 8. HP: 61/61 MP: 8/8
  4509 | D:5      | Noticed olivier's ghost (amateur GnFi)
  4529 | D:5      | Killed olivier's ghost
  4529 | D:5      | Reached skill level 6 in Long Blades
  4574 | D:4      | Bought a pitted long sword for 195 gold pieces
  4574 | D:4      | Identified the +11 long sword of Drought {venom, Str+3} (You bought it in a shop on level 4 of the Dungeon)
  4694 | D:5      | Found a shimmering altar of Xom.
  4695 | D:5      | Found a hazy altar of Hepliaklqana.
  4695 | D:5      | Noticed a hell beast
  4696 | D:5      | Noticed a hell beast
  4696 | D:5      | Noticed a spectral ugly thing
  4734 | D:5      | Found a staircase to the Ecumenical Temple.
  4744 | D:5      | Reached skill level 5 in Armour
  5058 | D:6      | Reached **** piety under Trog
  5687 | D:6      | Reached XP level 9. HP: 68/68 MP: 9/9
  6286 | D:7      | Reached skill level 7 in Long Blades
  6570 | D:7      | Reached ***** piety under Trog
  6827 | D:8      | Reached skill level 5 in Dodging
  7338 | D:8      | Found a shadowy altar of Dithmenos.
  7338 | D:8      | Found a glowing golden altar of the Shining One.
  7339 | D:8      | Found a deep blue altar of Sif Muna.
  7408 | D:8      | Found an iron altar of Okawaru.
  7433 | D:8      | Found a bloodstained altar of Trog.
  7559 | D:8      | Noticed a two-headed ogre
  7567 | D:8      | Killed a two-headed ogre
  7567 | D:8      | Reached XP level 10. HP: 72/78 MP: 8/10
  7597 | D:8      | Reached skill level 8 in Long Blades
  8042 | D:9      | Noticed a two-headed ogre
  8043 | D:9      | Found a staircase to the Lair.
  8052 | D:9      | Killed a two-headed ogre
  8063 | D:9      | Noticed a two-headed ogre
  8064 | D:9      | Killed a two-headed ogre
  8120 | D:9      | Reached skill level 9 in Long Blades
  8209 | D:9      | Noticed Psyche
  8214 | D:9      | Killed Psyche
  8214 | D:9      | Reached skill level 5 in Shields
  8335 | D:9      | Gained mutation: You are partially covered in iridescent scales. (AC +2) [demonic ancestry]
  8335 | D:9      | Reached XP level 11. HP: 82/85 MP: 11/11
  8336 | D:9      | Received a gift from Trog
  8370 | D:9      | Found a shimmering altar of Xom.
  8881 | D:10     | Entered Level 10 of the Dungeon
  9014 | D:10     | Found Mogoe's Assorted Antiques.
  9055 | D:10     | HP: 4/85 [poisoned by an orc wizard]
  9055 | D:10     | Slain by a gargoyle

Skill      XL: |  1  2  3  4  5  6  7  8  9 10 11 |
---------------+----------------------------------+-----
Armour         | 2 3 4 5 6 7 |  7.0
Dodging        | 2 3 4 5 6 |  6.6
Long Blades    | 3 4 5 6 7 9 |  9.1
Stealth        | 1 3 |  3.2
Fighting       | 4 5 6 7 8 |  8.1
Shields        | 1 2 4 5 |  5.1

Action                   |  1- 3 |  4- 6 |  7- 9 | 10-12 || total
-------------------------+-------+-------+-------+-------++-------
Melee: Falchion          |    56 |       |       |       ||    56
       Headbutt          |     7 |    17 |    49 |    28 ||   101
       Scimitar          |     4 |   104 |   109 |       ||   217
       Long sword        |       |       |   162 |    95 ||   257
Invok: Berserk           |       |     5 |     3 |     2 ||    10
       Burn Spellbooks   |       |       |     1 |     1 ||     2
       Brothers in Arms  |       |       |       |     2 ||     2
  Use: Scroll            |       |       |     9 |     3 ||    12
 Stab: Sleeping          |     2 |     1 |     6 |     1 ||    10
       Held in net/web   |       |       |     1 |       ||     1
  Eat: Chunk             |       |    10 |    16 |     5 ||    31
       Ration            |       |       |     1 |     1 ||     2
Armor: Animal skin       |     8 |       |       |       ||     8
       Ring mail         |       |    24 |    93 |    24 ||   141
Dodge: Dodged            |    37 |    71 |   143 |    54 ||   305
Block: Buckler           |       |       |    59 |    25 ||    84
       Rpst.: Falchion   |    13 |       |       |       ||    13
       Scimitar          |     1 |    26 |    10 |       ||    37
       Long sword        |       |       |    24 |    15 ||    39
